 Dungeon Crawl Stone Soup version 0.31-a0-609-g7bf6ffcfed (webtiles) character file.

Game seed: 1540815052519174487

17806 Rohain the Carver (level 12, -3/87 (94) HPs)
             Began as a Gnoll Reaver on Aug 22, 2023.
             Was a High Priest of Okawaru.
             Hit by a large rock thrown by a cyclops (43 damage)
             ... on level 13 of the Dungeon.
             The game lasted 00:37:41 (14501 turns).

Rohain the Carver (Gnoll Reaver)                   Turns: 14501, Time: 00:37:42

HP:   -3/87 (94)    AC: 11    Str: 20    XL:     12   Next: 51%
MP:   17/25         EV: 28    Int: 11    God:    Okawaru [*****.]
Gold: 281           SH:  7    Dex:  8    Spells: 21/29 levels left

rFire   + . .        g - +10 rapier of Gin and Tonic {pain, rPois rC++ Dex-3}
rCold   + + +        e - +2 buckler
rNeg    . . .        F - +0 troll leather armour
rPois   +            V - +1 hat
rElec   .            P - scarf {rC+ rF+}
rCorr   .            (no gloves)
SInv    .            x - +2 pair of boots {Stlth+}
Will    .....        a - amulet of the acrobat
Stlth   ++++         z - +4 ring of protection
HPRegen 1.14/turn    s - ring of protection from cold
MPRegen 0.19/turn

%: acrobat
@: acrobatic, drained
A: fangs 1, strong nose, distributed training, deformed body, shaggy fur 1,
strong 1
a: Renounce Religion, Heroism, Finesse, Duel


You were on level 13 of the Dungeon.
You worshipped Okawaru.
Okawaru was extremely pleased with you.
You visited 2 branches of the dungeon, and saw 14 of its levels.
You also visited: Sewer.

You collected 658 gold pieces.
You spent 377 gold pieces at shops.

Inventory:

Hand Weapons
 g - the +10 rapier of Gin and Tonic (weapon) {pain, rPois rC++ Dex-3}
   (You found it on level 6 of the Dungeon)

   Dex-3:     It affects your dexterity (-3).
   rC++:      It greatly protects you from cold.
   rPois:     It protects you from poison
 o - a +0 orcbow
 v - a +2 antimagic dagger
 y - a +1 spear of venom
 C - a +2 short sword of venom
 T - the +9 sword of Power {lifebolt}
   (You found it on level 8 of the Dungeon)
Missiles
 f - 5 atropa-tipped darts (quivered)
 G - 37 poisoned darts
 L - 4 javelins
 W - 2 silver javelins
Armour
 e - a +2 buckler (worn)
 w - the +0 leather armour of Zexey {Harm Drain rElec Stlth+}
   (You found it on level 6 of the Dungeon)

   rElec:     It insulates you from electricity.
   Drain:     It drains your maximum health when unequipped.
   Harm:      It increases damage dealt and taken.
   Stlth+:    It makes you more stealthy.
 x - a +2 pair of boots of stealth (worn)
 F - a +0 troll leather armour (worn)
 P - a scarf of resistance (worn)
 V - a +1 hat (worn)
Magical Staves
 K - a staff of conjuration
Jewellery
 a - an amulet of the acrobat (around neck)
 j - a ring of positive energy
 l - a ring of ice
 s - a ring of protection from cold (right hand)
 z - a +4 ring of protection (left hand)
 A - a ring of resist corrosion
 X - an amulet of magic regeneration
Talismans
 J - a maw talisman
 Z - a storm talisman
Wands
 B - a wand of mindburst (19)
 E - a wand of flame (3)
 N - a wand of iceblast (5)
 S - a wand of polymorph (29)
Scrolls
 b - a scroll of amnesia
 c - 2 scrolls of vulnerability
 d - 5 scrolls of teleportation
 i - 8 scrolls of noise
 m - 2 scrolls of enchant armour
 p - 2 scrolls of poison
 u - 2 scrolls of revelation
 M - 6 scrolls of enchant weapon
 Q - 2 scrolls of immolation
 Y - a scroll of silence
Potions
 h - 6 potions of curing
 k - a potion of haste
 r - 2 potions of attraction
 t - 4 potions of might
 H - 3 potions of lignification
 O - a potion of cancellation
 R - a potion of magic
 U - a potion of degeneration


   Skills:
 + Level 8.9 Fighting
 + Level 7.5 Short Blades
 + Level 10.0 Long Blades
 + Level 7.5 Axes
 + Level 7.5 Maces & Flails
 + Level 7.5 Polearms
 + Level 7.5 Staves
 + Level 7.5 Ranged Weapons
 + Level 7.5 Throwing
 + Level 7.5 Armour
 + Level 8.9 Dodging
 + Level 7.5 Stealth
 + Level 7.5 Shields
 + Level 7.5 Unarmed Combat
 + Level 9.1 Spellcasting
 + Level 8.4 Conjurations
 + Level 6.2 Hexes
 + Level 6.2 Summonings
 + Level 6.2 Necromancy
 + Level 6.2 Translocations
 + Level 6.2 Transmutations
 + Level 6.2 Fire Magic
 + Level 6.2 Ice Magic
 + Level 6.2 Air Magic
 + Level 6.2 Earth Magic
 + Level 6.2 Poison Magic
 + Level 8.2 Invocations
 + Level 7.5 Evocations
 + Level 6.2 Shapeshifting


You had 21 spell levels left.
You knew the following spells:

 Your Spells              Type           Power      Damage    Failure   Level
a - Kiss of Death         Conj/Necr      84%        2d11      1%          1
b - Momentum Strike       Conj/Tloc      42%        3d9       1%          2
c - Blink                 Tloc           36%        N/A       2%          2
d - Confusing Touch       Hex            18%        N/A       4%          3

Your spell library contained the following spells:

 Spells                   Type           Power      Damage    Failure   Level
 Magic Dart               Conj           92%        1d7       1%          1
 Searing Ray              Conj           46%        2d6       1%          2
 Cigotuvi's Dreadful Rot  Necr/Pois/Air  36%        N/A       2%          2
 Hailstorm                Conj/Ice       21%        3d6       2%          3
 Gell's Gravitas          Tloc           18%        N/A       4%          3
 Portal Projectile        Hex/Tloc       36%        N/A       4%          3
 Fulminant Prism          Conj/Hex       10%        3d9       10%         4
 Iskenderun's Mystic Bla  Conj/Tloc      21%        2d6       10%         4
 Dispel Undead            Necr           18%        3d11      14%         4
 Leda's Liquefaction      Hex/Erth       9%         N/A       14%         4
 Call Canine Familiar     Summ           Unusable   N/A       N/A         3
 Death Channel            Necr           Unusable   N/A       N/A         6

Dungeon Overview and Level Annotations

Branches:
Dungeon (13/15)            Temple (1/1) D:5            Lair (0/5) D:11
    Orc (0/2) D:12          Sewer (visited)
 Vaults: D:13-14

Altars:
Ashenzari
Cheibriados
Dithmenos
Elyvilon
Fedhas
Gozag
Hepliaklqana
Kikubaaqudgha
Makhleb
Nemelex Xobeh
Okawaru
Qazlal
Ru
Sif Muna
Trog
Uskayaw
Vehumet
Wu Jian
Xom
Yredelemnul
Zin
The Shining One

Shops:
D:1 [   D:8 (

Annotations:
D:6 Jeremiah
D:8 2 transporters, dialectric's ghost, novice MiFi


Innate Abilities, Weirdness & Mutations

You have very sharp teeth.
Your uncanny sense of smell can sniff out nearby items.
Your experience applies equally to all skills.
Armour fits poorly on your strangely shaped body.
You are covered in fur. (AC +1)
Your muscles are strong. (Str +4, Int/Dex -1)


Message History

You bite the slime creature, but do no damage.
The slime creature is almost dead.
The slime creature barely misses you.
You puncture the slime creature!
You kill the slime creature!
Okawaru accepts your kill. The great orb of eyes gazes at you.
You feel your power leaking away. The great orb of eyes gazes at you.
You are confused.
The great orb of eyes gazes at you.
You feel your power leaking away. The great orb of eyes bites you.
A cyclops comes into view.
The great orb of eyes bites you.
The cyclops shouts!
You barely miss the great orb of eyes. The great orb of eyes gazes at you.
You feel your power leaking away.
The cyclops throws a large rock.
The large rock hits you! The great orb of eyes bites you!
The cyclops throws a large rock.
The large rock closely misses you.
You completely miss the great orb of eyes.
The great orb of eyes gazes at you.
You suddenly lose the ability to move!
You feel less confused.
The great orb of eyes completely misses you.
The great orb of eyes bites you but does no damage.
A deep elf pyromancer comes into view. It is wielding a +0 dagger.
The great orb of eyes gazes at you.
You barely resist. The great orb of eyes bites you!
The deep elf pyromancer gestures wildly while chanting.
The deep elf pyromancer blinks!
The great orb of eyes bites you but does no damage.
You can move again.
The great orb of eyes gazes at you. You resist with significant effort.
The cyclops throws a large rock.
The large rock hits you!!!
You die...

#....∆ .. ##...###.#. ..#
##.......... ..#
##........... ..# #.
#........C... #.# #..#
#............ #.# #..# ####
#.G.C........
#.###..###..###............
#†##..###....##@...........
##.##..##..###)#............
..........## ##.............
#...###...# #.............
....# ##..### #............
....## #....###...........
.#...###.................
###...................... #
##................####


You could see a great orb of eyes and a cyclops.

Vanquished Creatures
  A hydra (D:12)
  A centaur warrior (D:13)
  3 two-headed ogres
  A boulder beetle (D:12)
  An orc knight (D:10)
  An ugly thing (D:11)
  A cyclops (D:12)
  An orc sorcerer (D:10)
  A gargoyle (D:12)
  An unseen horror (D:11)
  A kobold demonologist (D:9)
  8 trolls
  2 slime creatures (D:13)
  5 wyverns
  A wraith (D:11)
  A vampire (D:12)
  29 yaks
  A basilisk (D:13)
  An acid dragon (D:9)
  Duvessa (D:5)
  5 orc warriors
  3 ogres
  2 ice beasts
  2 centaurs
  6 kobold brigands
  A phantom (D:4)
  2 gnoll sergeants
  5 scorpions
  Dowan (D:5)
  10 killer bees
  5 howler monkeys
  7 hounds
  2 jellies
  9 orc priests
  A sleepcap (D:7)
  A gnoll bouda (D:4)
  5 iguanas
  15 orc wizards
  Terence (D:3)
  17 gnolls
  13 adders
  2 river rats (Sewer)
  3 white imps
  6 worms
  6 dart slugs
  43 orcs
  20 ball pythons
  8 endoplasms
  4 giant cockroaches
  12 goblins
  4 hobgoblins
  11 quokkas
  8 bats
  8 frilled lizards
  11 kobolds
  10 rats
  A spectral orc (D:12)
332 creatures vanquished.

Notes
Turn   | Place    | Note
-------+----------+-------------------------------------------
     0 | D:1      | Rohain the Gnoll Reaver began the quest for the Orb.
     0 | D:1      | Reached XP level 1. HP: 20/20 MP: 6/6
    17 | D:1      | Found Retes's Antique Armour Boutique.
   249 | D:1      | Reached XP level 2. HP: 22/26 MP: 7/7
   337 | D:1      | Found a faded altar of an unknown god.
   613 | D:1      | Reached skill level 5 in Spellcasting
   613 | D:1      | Reached XP level 3. HP: 31/31 MP: 7/9
   765 | D:1      | Learned a level 2 spell: Momentum Strike
  1186 | D:2      | Reached skill level 1 in Invocations
  1191 | D:2      | HP: 1/27 [poisoned by an adder]
  1367 | D:2      | Reached skill level 1 in Short Blades
  1367 | D:2      | Reached skill level 1 in Axes
  1367 | D:2      | Reached skill level 1 in Maces & Flails
  1367 | D:2      | Reached skill level 1 in Polearms
  1367 | D:2      | Reached skill level 1 in Staves
  1367 | D:2      | Reached skill level 1 in Ranged Weapons
  1367 | D:2      | Reached skill level 1 in Throwing
  1367 | D:2      | Reached skill level 1 in Armour
  1367 | D:2      | Reached skill level 1 in Stealth
  1367 | D:2      | Reached skill level 1 in Shields
  1367 | D:2      | Reached skill level 1 in Unarmed Combat
  1367 | D:2      | Reached skill level 1 in Evocations
  1548 | D:2      | Reached XP level 4. HP: 29/35 MP: 11/11
  1704 | D:2      | Reached skill level 1 in Hexes
  1704 | D:2      | Reached skill level 1 in Summonings
  1704 | D:2      | Reached skill level 1 in Necromancy
  1704 | D:2      | Reached skill level 1 in Translocations
  1704 | D:2      | Reached skill level 1 in Transmutations
  1704 | D:2      | Reached skill level 1 in Fire Magic
  1704 | D:2      | Reached skill level 1 in Ice Magic
  1704 | D:2      | Reached skill level 1 in Air Magic
  1704 | D:2      | Reached skill level 1 in Earth Magic
  1704 | D:2      | Reached skill level 1 in Poison Magic
  1704 | D:2      | Reached skill level 1 in Shapeshifting
  1872 | D:2      | Found an opulent altar of Gozag.
  2128 | D:3      | Reached XP level 5. HP: 42/43 MP: 12/12
  2448 | D:3      | Noticed Terence
  2453 | D:3      | Killed Terence
  2930 | D:4      | Noticed an ice beast
  2934 | D:4      | Killed an ice beast
  2935 | D:4      | Reached XP level 6. HP: 45/50 MP: 10/13
  3050 | D:4      | Reached skill level 5 in Fighting
  3050 | D:4      | Reached skill level 5 in Dodging
  3697 | D:4      | Reached XP level 7. HP: 35/53 MP: 7/15
  3778 | D:4      | Reached skill level 7 in Long Blades
  4117 | D:5      | Entered Level 5 of the Dungeon
  5012 | D:5      | Found a staircase to the Ecumenical Temple.
  5023 | D:5      | Reached XP level 8. HP: 53/63 MP: 14/16
  5044 | Temple   | Entered the Ecumenical Temple
  5049 | Temple   | Became a worshipper of Warmaster Okawaru
  5493 | D:5      | Noticed Dowan
  5494 | D:5      | Found a shimmering blue altar of Sif Muna.
  5497 | D:5      | Killed Dowan
  5520 | D:5      | Found a bloodstained altar of Trog.
  5520 | D:5      | Noticed Duvessa
  5535 | D:5      | Killed Duvessa
  6267 | D:6      | Identified the +10 rapier of Gin and Tonic {pain, rPois
                  | rC++ Dex-3}
  6276 | D:6      | Identified the +0 leather armour of Zexey {Harm Drain rElec
                  | Stlth+}
  6408 | D:6      | Found a glowing drain.
  6426 | Sewer    | Entered a sewer
  6720 | Sewer    | Reached * piety under Okawaru
  7013 | Sewer    | Gained mutation: You are covered in fur. (AC +1) [potion of
                  | mutation]
  7013 | Sewer    | Gained mutation: Armour fits poorly on your strangely
                  | shaped body. [potion of mutation]
  7013 | Sewer    | Gained mutation: Your muscles are strong. (Str +4, Int/Dex
                  | -1) [potion of mutation]
  7135 | D:6      | Reached XP level 9. HP: 58/69 MP: 18/18
  7362 | D:6      | Noticed Jeremiah
  7770 | D:7      | Reached ** piety under Okawaru
  8076 | D:7      | Reached skill level 8 in Long Blades
  8456 | D:7      | Identified a scroll of acquirement
  8456 | D:7      | Acquired the Book of the Vector
  8463 | D:7      | Learned a level 2 spell: Blink
  8549 | D:7      | Reached skill level 5 in Invocations
  8846 | D:8      | Noticed a troll
  8851 | D:8      | Killed a troll
  8997 | D:8      | Found a transporter.
  8999 | D:8      | Found a transporter.
  9000 | D:8      | Noticed dialectric's ghost (novice MiFi)
  9061 | D:8      | Found an ornate altar of the Wu Jian Council.
  9095 | D:8      | Noticed a +0 giant club
  9102 | D:8      | Reached XP level 10. HP: 58/77 MP: 17/20
  9105 | D:8      | Reached *** piety under Okawaru
  9106 | D:8      | Reached skill level 5 in Short Blades
  9106 | D:8      | Reached skill level 5 in Axes
  9106 | D:8      | Reached skill level 5 in Maces & Flails
  9106 | D:8      | Reached skill level 5 in Polearms
  9106 | D:8      | Reached skill level 5 in Staves
  9106 | D:8      | Reached skill level 5 in Ranged Weapons
  9106 | D:8      | Reached skill level 5 in Throwing
  9106 | D:8      | Reached skill level 5 in Armour
  9106 | D:8      | Reached skill level 5 in Stealth
  9106 | D:8      | Reached skill level 5 in Shields
  9106 | D:8      | Reached skill level 5 in Unarmed Combat
  9106 | D:8      | Reached skill level 5 in Evocations
  9156 | D:8      | Found Puwued's Weapon Shop.
  9158 | D:8      | Noticed a +0 giant club
  9253 | D:8      | Found a shimmering altar of Xom.
  9386 | D:8      | Found the +9 sword of Power {lifebolt}
  9641 | D:9      | Found a radiant altar of Vehumet.
  9654 | D:9      | Found a white marble altar of Elyvilon.
  9861 | D:9      | Received a gift from Okawaru
 10005 | D:9      | Noticed a kobold demonologist
 10068 | D:9      | Killed a kobold demonologist
 10237 | D:9      | Reached **** piety under Okawaru
 10278 | D:9      | Found a glowing golden altar of the Shining One.
 10460 | D:10     | Entered Level 10 of the Dungeon
 10534 | D:10     | Noticed an orc knight
 10554 | D:10     | Noticed an orc sorcerer
 10768 | D:10     | Reached XP level 11. HP: 29/84 MP: 22/22
 10923 | D:10     | Reached skill level 9 in Long Blades
 10925 | D:10     | Reached ***** piety under Okawaru
 10926 | D:10     | Reached skill level 5 in Hexes
 10926 | D:10     | Reached skill level 5 in Summonings
 10926 | D:10     | Reached skill level 5 in Necromancy
 10926 | D:10     | Reached skill level 5 in Translocations
 10926 | D:10     | Reached skill level 5 in Transmutations
 10926 | D:10     | Reached skill level 5 in Fire Magic
 10926 | D:10     | Reached skill level 5 in Ice Magic
 10926 | D:10     | Reached skill level 5 in Air Magic
 10926 | D:10     | Reached skill level 5 in Earth Magic
 10926 | D:10     | Reached skill level 5 in Poison Magic
 10926 | D:10     | Reached skill level 5 in Shapeshifting
 11256 | D:10     | Killed an orc knight
 11258 | D:10     | Killed an orc sorcerer
 11866 | D:1      | Bought a pair of runed boots for 195 gold pieces
 11871 | D:1      | Bought a runed hat for 182 gold pieces
 12150 | D:11     | Received a gift from Okawaru
 12196 | D:11     | Noticed a two-headed ogre
 12207 | D:11     | Killed a two-headed ogre
 12531 | D:11     | Found a staircase to the Lair.
 12579 | D:11     | Identified the +3 quarterstaff of Animal Spirits {freeze,
                  | rN+ Will+ Int+3} (Okawaru gifted it to you on level 11 of
                  | the Dungeon)
 12579 | D:11     | Received a gift from Okawaru
 12794 | D:11     | Noticed a purple ugly thing
 12803 | D:11     | Killed a purple ugly thing
 13081 | D:12     | Noticed a boulder beetle
 13091 | D:12     | Killed a boulder beetle
 13101 | D:12     | Noticed a two-headed ogre
 13108 | D:12     | Noticed a cyclops
 13121 | D:12     | Killed a two-headed ogre
 13122 | D:12     | Reached XP level 12. HP: 74/94 MP: 24/24
 13152 | D:12     | Learned a level 3 spell: Confusing Touch
 13236 | D:12     | Noticed a two-headed ogre
 13267 | D:12     | Killed a two-headed ogre
 13522 | D:12     | Received a gift from Okawaru
 13642 | D:12     | Noticed a seven-headed hydra
 13649 | D:12     | Killed a seven-headed hydra
 13979 | D:12     | Found a staircase to the Orcish Mines.
 14218 | D:12     | Found a basalt altar of Yredelemnul.
 14405 | D:13     | Noticed a centaur warrior
 14408 | D:13     | Noticed a centaur warrior
 14428 | D:13     | Killed a centaur warrior
 14428 | D:13     | Received a gift from Okawaru
 14429 | D:13     | Reached skill level 10 in Long Blades
 14481 | D:13     | Noticed a great orb of eyes
 14494 | D:13     | Paralysed by a great orb of eyes for 5 turns
 14501 | D:13     | Hit by a large rock thrown by a cyclops

Illustrated notes

Levels and vault maps discovered:
D:1:      lightli_arrival_maybe_door_vault, layout_basic, serial_shops, shop,
          shapermc_ecumenical_altar_mp_ritualfount
D:2:      layout_rooms, basic_altar, minmay_joined_circles
D:3:      layout_basic, minmay_quantized, uniq_terence
D:4:      minmay_bubble_buster, layout_basic
D:5:      layout_layer_cave, nzn_overflow_gifts_of_might_and_magic,
          minmay_temple_entry_statues_fountains, uniq_duvessa
D:6:      layout_gridville, cheibrodos_sewer_entry_drain, uniq_jeremiah
D:7:      layout_basic, amcnicky_mini_corridor_feature
D:8:      lemuel_ice_spiral_2, layout_rooms, pdpol_wu_jian_five_deadly_venoms,
          mainiacjoe_overflow_catwalk, gammafunk_ghost_hive, serial_shops,
          nicolae_shop_mannequins, st_stairs_7
D:9:      layout_roguey, lemuel_crystal_altar, tso_altar,
          mainiacjoe_overflow_24_doors, skrybe_limestone_x
D:10:     layout_loops_corners
D:11:     layout_small_grid, lair_entry_dummy
D:12:     layout_loops_ring, kennysheep_orc_monster_closet_entryway,
          yredelemnul_forgotten_temple_becter
D:13:     minmay_the_grid_octo_tiled_octocenter_mashed
          [minmay_the_grid_octo_empty, minmay_the_grid_octo_shrine,
          minmay_the_grid_octo_checkered, minmay_the_grid_octo_concentric,
          minmay_the_grid_octo_prize_square_snowflake,
          minmay_the_grid_square_5x5_meh, minmay_the_grid_square_5x5_shrine2,
          minmay_the_grid_square_5x5_tri_point,
          minmay_the_grid_square_5x5_checkered_sparse], layout_layer_cave,
          david_vaults_4, minmay_misc_feat_x, solitary_fountain
Temple:   minmay_freezing_vapour_temple

Skill      XL: |  1  2  3  4  5  6  7  8  9 10 11 12 |
---------------+-------------------------------------+-----
Spellcasting   | 5 6 7 8 9 |  9.1
Invocations    | 1 2 3 4 5 6 7 8 |  8.2
Short Blades   | 1 2 3 4 5 7 |  7.5
Axes           | 1 2 3 4 5 7 |  7.5
Maces & Flails | 1 2 3 4 5 7 |  7.5
Polearms       | 1 2 3 4 5 7 |  7.5
Staves         | 1 2 3 4 5 7 |  7.5
Ranged Weapons | 1 2 3 4 5 7 |  7.5
Throwing       | 1 2 3 4 5 7 |  7.5
Armour         | 1 2 3 4 5 7 |  7.5
Stealth        | 1 2 3 4 5 7 |  7.5
Shields        | 1 2 3 4 5 7 |  7.5
Unarmed Combat | 1 2 3 4 5 7 |  7.5
Evocations     | 1 2 3 4 5 7 |  7.5
Hexes          | 1 2 3 4 5 6 |  6.2
Summonings     | 1 2 3 4 5 6 |  6.2
Necromancy     | 1 2 3 4 5 6 |  6.2
Translocations | 1 2 3 4 5 6 |  6.2
Transmutations | 1 2 3 4 5 6 |  6.2
Fire Magic     | 1 2 3 4 5 6 |  6.2
Ice Magic      | 1 2 3 4 5 6 |  6.2
Air Magic      | 1 2 3 4 5 6 |  6.2
Earth Magic    | 1 2 3 4 5 6 |  6.2
Poison Magic   | 1 2 3 4 5 6 |  6.2
Shapeshifting  | 1 2 3 4 5 6 |  6.2
Fighting       | 5 6 7 8 |  8.9
Dodging        | 5 6 7 8 |  8.9
Long Blades    | 7 8 9 10 | 10.0
Conjurations   | 6 7 8 |  8.4

Action                     |  1- 3 |  4- 6 |  7- 9 | 10-12 || total
---------------------------+-------+-------+-------+-------++-------
  Melee: Falchion          |   145 |   163 |       |       ||   308
         Bite              |     8 |    21 |    38 |    59 ||   126
         Spear             |       |    39 |    79 |       ||   118
         Short sword       |       |       |   140 |       ||   140
         Rapier            |       |       |   206 |   464 ||   670
  Throw: Dart              |       |       |     6 |   107 ||   113
         Javelin           |       |       |       |     2 ||     2
   Cast: Kiss of Death     |     1 |     2 |     4 |     3 ||    10
         Momentum Strike   |       |    10 |    26 |     2 ||    38
         Confusing Touch   |       |       |       |     4 ||     4
 Invoke: Finesse           |       |       |       |     1 ||     1
  Evoke: Wand              |       |       |       |    17 ||    17
    Use: Scroll            |     1 |       |    15 |     9 ||    25
         Potion            |       |       |     5 |     5 ||    10
   Stab: Sleeping          |       |     3 |       |     4 ||     7
         Paralysed         |       |       |       |     7 ||     7
         Invisible         |       |       |       |     4 ||     4
         Confused          |       |       |       |     4 ||     4
 Armour: Leather armour    |    44 |    47 |   127 |       ||   218
         Troll leather arm |       |       |     6 |   133 ||   139
  Dodge: Dodged            |    87 |   115 |   223 |   231 ||   656
  Block: Buckler           |    16 |    31 |    80 |   112 ||   239

Table legend: (Time is in decaauts)
 A = Elapsed time spent in this place.
 B = Non-inter-level travel time spent in this place.
 C = Inter-level travel time spent in this place.
 D = Time resting spent in this place.
 E = Time spent auto-exploring this place.
 F = Levels seen in this place.
 G = Mean time per level.
                   A        B        C        D        E       F      G
               +--------+--------+--------+--------+--------+-----+--------+
         Total |  14524 |  13676 |    848 |   2442 |   7624 |  15 |  968.3 |
       Dungeon |  13736 |  12888 |    848 |   2286 |   7328 |  13 | 1056.6 |
        Temple |     13 |     13 |      0 |      0 |      3 |   1 |   13.0 |
         Sewer |    774 |    774 |      0 |    156 |    292 |   1 |  774.0 |
               +--------+--------+--------+--------+--------+-----+--------+

Top non-repeatable levels by time:
     D:4: 1653 daAuts
     D:5: 1591 daAuts
     D:7: 1551 daAuts
    D:10: 1158 daAuts
    D:12: 1119 daAuts
    D:11: 1056 daAuts
     D:2: 1052 daAuts
     D:3: 1016 daAuts
     D:9: 968 daAuts
     D:1: 961 daAuts
     D:8: 786 daAuts
   Sewer: 774 daAuts
     D:6: 593 daAuts
    D:13: 227 daAuts
  Temple: 13 daAuts
